TOP OF THE 1ST |
Texas (APP) Rangers batting - Pitching for Princeton Rays : RHP Jesus Espinosa
|
Pitching: RHP Jesus Espinosa
|
|
Batting: SHB Tim Rogers
|
0-0: Called Strike 0-1: Called Strike 0-2: Ground out 6-3 (Groundball, 6, EV 100.0 MPH)
|
Batting: RHB Evan Fry
|
0-0: Swinging Strike 0-1: Ball 1-1: Ground out 4-3 (Groundball, 4S, EV 73.8 MPH)
|
Batting: RHB Jerry Foster
|
0-0: Called Strike 0-1: Foul Ball, location: 2F 0-2: Ground out 5-3 (Groundball, 56, EV 90.6 MPH)
|
Top of the 1st over - 0 runs, 0 hits, 0 errors, 0 left on base; Texas (APP) 0 - Princeton 0 |
BOTTOM OF THE 1ST |
Princeton Rays batting - Pitching for Texas (APP) Rangers : RHP Reinaart Meyer
|
Pitching: RHP Reinaart Meyer
|
|
Batting: RHB Luis Jara
|
0-0: Ball 1-0: Ground out 6-3 (Groundball, 6MD, EV 94.4 MPH)
|
Batting: RHB Ben Saxton
|
0-0: Called Strike 0-1: Ball 1-1: Foul Ball, location: 2F 1-2: Strikes out looking
|
Batting: LHB Dave Northam
|
0-0: Ball 1-0: Ball 2-0: Foul Ball, location: 2F 2-1: Called Strike 2-2: Fly out, F8 (Flyball, 8RM, EV 93.1 MPH)
|
Bottom of the 1st over - 0 runs, 0 hits, 0 errors, 0 left on base; Texas (APP) 0 - Princeton 0 |
TOP OF THE 2ND |
Texas (APP) Rangers batting - Pitching for Princeton Rays : RHP Jesus Espinosa
|
Batting: RHB Ron Squires
|
0-0: Ground out 6-3 (Groundball, 6, EV 96.2 MPH)
|
Batting: RHB Robert Topete
|
0-0: Called Strike 0-1: Foul Ball, location: 2F 0-2: SOLO HOME RUN (Flyball, 78XD, EV 98.1 MPH), Distance : 411 ft
|
Batting: SHB Albert Ortiz
|
0-0: Ball 1-0: Ball 2-0: Ball 3-0: Base on Balls
|
Batting: RHB Pat Martin
|
0-0: Ball 1-0: Called Strike 1-1: Called Strike 1-2: Foul Ball, location: 2F 1-2: Strikes out swinging
|
Batting: LHB Bobby Scott
|
0-0: Ball 1-0: Called Strike 1-1: Ball 2-1: Swinging Strike 2-2: SINGLE (Line Drive, 3D, EV 95.6 MPH) Albert Ortiz to second Runner from 2nd tries for 3rd, SAFE, no throw by RF
|
Batting: SHB Tyler Romo
|
0-0: Ball 1-0: Called Strike 1-1: Fly out, F8 (Line Drive, 8LD, EV 98.8 MPH)
|
Top of the 2nd over - 1 run, 2 hits, 0 errors, 2 left on base; Texas (APP) 1 - Princeton 0 |
BOTTOM OF THE 2ND |
Princeton Rays batting - Pitching for Texas (APP) Rangers : RHP Reinaart Meyer
|
Batting: SHB Omar Cervantes
|
0-0: Ball 1-0: Ball 2-0: Foul Ball, location: 2F 2-1: Fly out, F8 (Flyball, 8RM, EV 83.8 MPH)
|
Batting: RHB Tony Bonilla
|
0-0: Called Strike 0-1: Ball 1-1: Foul Ball, location: 2F 1-2: Foul Ball, location: 2F 1-2: Ball 2-2: Strikes out swinging
|
Batting: SHB Dan Trainer
|
0-0: Foul Ball, location: 2F 0-1: Called Strike 0-2: Strikes out swinging
|
Bottom of the 2nd over - 0 runs, 0 hits, 0 errors, 0 left on base; Texas (APP) 1 - Princeton 0 |
TOP OF THE 3RD |
Texas (APP) Rangers batting - Pitching for Princeton Rays : RHP Jesus Espinosa
|
Batting: SHB Tim Rogers
|
0-0: Ball 1-0: Ball 2-0: Ball 3-0: Base on Balls
|
Batting: RHB Evan Fry
|
0-0: Ground out 5-3 (Groundball, 25, EV 78.8 MPH) Tim Rogers to second
|
Batting: RHB Jerry Foster
|
0-0: Foul Ball, location: 2F 0-1: Foul Ball, location: 2F 0-2: Ball 1-2: Ball 2-2: Foul Ball, location: 2F 2-2: Ground out 1-3 (Groundball, 13S, EV 68.8 MPH) Tim Rogers to third
|
Batting: RHB Ron Squires
|
0-0: Ball 1-0: 2-RUN HOME RUN (Flyball, 7D, EV 96.2 MPH), Distance : 365 ft
|
Batting: RHB Robert Topete
|
0-0: Ball 1-0: Ball 2-0: SINGLE (Groundball, 6D, EV 105.6 MPH)
|
Batting: SHB Albert Ortiz
|
0-0: Ball Robert Topete steals 2nd base 1-0: Foul Ball, location: 2F 1-1: Called Strike 1-2: Strikes out looking
|
Top of the 3rd over - 2 runs, 2 hits, 0 errors, 1 left on base; Texas (APP) 3 - Princeton 0 |
BOTTOM OF THE 3RD |
Princeton Rays batting - Pitching for Texas (APP) Rangers : RHP Reinaart Meyer
|
Batting: RHB Sandoval Serzedelo
|
0-0: Ball 1-0: Called Strike 1-1: Ball 2-1: Called Strike 2-2: Foul Ball, location: 2F 2-2: Ball 3-2: Strikes out looking
|
Batting: RHB Gilbert Hoareau
|
0-0: Swinging Strike 0-1: Foul Ball, location: 2F 0-2: Ball 1-2: Strikes out swinging
|
Batting: RHB Willie Acevedo
|
0-0: Ball 1-0: Called Strike 1-1: Ball 2-1: Foul Ball, location: 2F 2-2: Foul Ball, location: 2F 2-2: Foul Ball, location: 2F 2-2: Strikes out swinging
|
Bottom of the 3rd over - 0 runs, 0 hits, 0 errors, 0 left on base; Texas (APP) 3 - Princeton 0 |
TOP OF THE 4TH |
Texas (APP) Rangers batting - Pitching for Princeton Rays : RHP Jesus Espinosa
|
Batting: RHB Pat Martin
|
0-0: Ball 1-0: Ball 2-0: Ball 3-0: Base on Balls
|
Batting: LHB Bobby Scott
|
0-0: Ball 1-0: DOUBLE (Line Drive, 89D, EV 109.4 MPH) Pat Martin to third
|
Batting: SHB Tyler Romo
|
0-0: Fly out, F8 (Line Drive, 8LM, EV 92.5 MPH)
|
Batting: SHB Tim Rogers
|
0-0: Ball 1-0: Ball Passed Ball! Pat Martin scores Bobby Scott to third 2-0: Ball 3-0: Base on Balls
|
Batting: RHB Evan Fry
|
0-0: Ball Tim Rogers steals 2nd base 1-0: Called Strike 1-1: Ball 2-1: Foul Ball, location: 2F 2-2: Ball 3-2: Base on Balls
|
Batting: RHB Jerry Foster
|
0-0: Ball 1-0: Grounds into fielders choice 6-2 (Groundball, P, EV 88.8 MPH) Tim Rogers to third Evan Fry to second
|
Batting: RHB Ron Squires
|
0-0: Ball 1-0: DOUBLE (Line Drive, 9LM, EV 99.4 MPH) Tim Rogers scores Evan Fry scores Jerry Foster to third
|
Pitching: LHP Joel Brown
|
|
Batting: RHB Robert Topete
|
0-0: Ball 1-0: Ball 2-0: Ball 3-0: Called Strike 3-1: Ground out 5-3 (Groundball, 5L, EV 80.0 MPH)
|
Top of the 4th over - 3 runs, 2 hits, 0 errors, 2 left on base; Texas (APP) 6 - Princeton 0 |
BOTTOM OF THE 4TH |
Princeton Rays batting - Pitching for Texas (APP) Rangers : RHP Reinaart Meyer
|
Batting: RHB Luis Jara
|
0-0: Ball 1-0: Ball 2-0: Ball 3-0: Called Strike 3-1: Called Strike 3-2: Foul Ball, location: 2F 3-2: Strikes out swinging
|
Batting: RHB Ben Saxton
|
0-0: Ball 1-0: Ground out 5-3 (Groundball, 56S, EV 64.4 MPH)
|
Batting: LHB Dave Northam
|
0-0: Ball 1-0: Swinging Strike 1-1: Fly out, F7 (Flyball, 7, EV 90.6 MPH)
|
Bottom of the 4th over - 0 runs, 0 hits, 0 errors, 0 left on base; Texas (APP) 6 - Princeton 0 |
TOP OF THE 5TH |
Texas (APP) Rangers batting - Pitching for Princeton Rays : LHP Joel Brown
|
Batting: SHB Albert Ortiz
|
0-0: Ball 1-0: Foul Ball, location: 2F 1-1: Called Strike 1-2: Foul Ball, location: 2F 1-2: Ball 2-2: Reached on error, E5 (Groundball, 5L, EV 101.2 MPH)
|
Batting: RHB Pat Martin
|
0-0: Called Strike 0-1: Swinging Strike 0-2: Foul Ball, location: 2F 0-2: Strikes out swinging
|
Batting: LHB Bobby Scott
|
0-0: Ball 1-0: Grounds out, U3 (Groundball, 3L, EV 85.6 MPH)
|
Batting: SHB Tyler Romo
|
0-0: Called Strike 0-1: Ball 1-1: Foul Ball, location: 2F 1-2: Foul Ball, location: 2F 1-2: Strikes out swinging
|
Top of the 5th over - 0 runs, 0 hits, 1 error, 1 left on base; Texas (APP) 6 - Princeton 0 |
BOTTOM OF THE 5TH |
Princeton Rays batting - Pitching for Texas (APP) Rangers : RHP Reinaart Meyer
|
Batting: SHB Omar Cervantes
|
0-0: Ball 1-0: Swinging Strike 1-1: Foul Ball, location: 2F 1-2: Fly out, F7 (Flyball, 7LSF, EV 87.5 MPH)
|
Batting: RHB Tony Bonilla
|
0-0: Foul Ball, location: 2F 0-1: Ball 1-1: Foul Ball, location: 2F 1-2: Ball 2-2: Strikes out looking
|
Batting: SHB Dan Trainer
|
0-0: Foul Ball, location: 2F 0-1: Foul Ball, location: 2F 0-2: Ball 1-2: Ball 2-2: Strikes out looking
|
Bottom of the 5th over - 0 runs, 0 hits, 0 errors, 0 left on base; Texas (APP) 6 - Princeton 0 |
TOP OF THE 6TH |
Texas (APP) Rangers batting - Pitching for Princeton Rays : LHP Joel Brown
|
Batting: SHB Tim Rogers
|
0-0: Ball 1-0: Called Strike 1-1: Called Strike 1-2: Ball 2-2: Foul Ball, location: 2F 2-2: Strikes out swinging
|
Batting: RHB Evan Fry
|
0-0: Ball 1-0: Ball 2-0: Ground out 5-3 (Groundball, 25, EV 88.8 MPH)
|
Batting: RHB Jerry Foster
|
0-0: Ball 1-0: Ball 2-0: Swinging Strike 2-1: Ball 3-1: Foul Ball, location: 2F 3-2: Base on Balls
|
Batting: RHB Ron Squires
|
0-0: Ball Jerry Foster is caught stealing 2nd base 2-4
|
Top of the 6th over - 0 runs, 0 hits, 0 errors, 0 left on base; Texas (APP) 6 - Princeton 0 |
BOTTOM OF THE 6TH |
Princeton Rays batting - Pitching for Texas (APP) Rangers : RHP Reinaart Meyer
|
Batting: RHB Sandoval Serzedelo
|
0-0: Foul Ball, location: 2F 0-1: Called Strike 0-2: Ball 1-2: Strikes out swinging
|
Batting: RHB Gilbert Hoareau
|
0-0: Ball 1-0: Ball 2-0: Swinging Strike 2-1: Foul Ball, location: 2F 2-2: Foul Ball, location: 2F 2-2: Ball 3-2: Ground out 5-3 (Groundball, 56, EV 97.5 MPH)
|
Batting: RHB Willie Acevedo
|
0-0: Called Strike 0-1: Ground out 6-3 (Groundball, 6M, EV 104.4 MPH)
|
Bottom of the 6th over - 0 runs, 0 hits, 0 errors, 0 left on base; Texas (APP) 6 - Princeton 0 |
TOP OF THE 7TH |
Texas (APP) Rangers batting - Pitching for Princeton Rays : LHP Joel Brown
|
Pitching: RHP Michito Higashi
|
|
Batting: RHB Ron Squires
|
0-0: Called Strike 0-1: Ball 1-1: Called Strike 1-2: Ball 2-2: Ball 3-2: Foul Ball, location: 2F 3-2: SINGLE (Groundball, 4MD, EV 100.0 MPH)
|
Batting: RHB Robert Topete
|
0-0: Called Strike 0-1: Ball 1-1: DOUBLE (Line Drive, 78M, EV 96.9 MPH) Ron Squires to third
|
Batting: SHB Albert Ortiz
|
0-0: Called Strike 0-1: Foul Ball, location: 2F 0-2: Fly out, F7 (Flyball, 7, EV 76.2 MPH) Runner from 3rd tags up, OUT at HOME! 7-2 Robert Topete to third
|
Batting: RHB Pat Martin
|
0-0: Called Strike 0-1: Foul Ball, location: 2F 0-2: Ball 1-2: Strikes out swinging
|
Top of the 7th over - 0 runs, 2 hits, 0 errors, 1 left on base; Texas (APP) 6 - Princeton 0 |
BOTTOM OF THE 7TH |
Princeton Rays batting - Pitching for Texas (APP) Rangers : RHP Reinaart Meyer
|
Batting: RHB Luis Jara
|
0-0: Ball 1-0: Called Strike 1-1: Foul Ball, location: 2F 1-2: Ground out 3-1 (Groundball, 34S, EV 84.4 MPH)
|
Batting: RHB Ben Saxton
|
0-0: Swinging Strike 0-1: Ball 1-1: Called Strike 1-2: DOUBLE (Flyball, 78D, EV 96.9 MPH)
|
Pitching: RHP Marty Nelson
|
|
Batting: LHB Dave Northam
|
0-0: Ball 1-0: Called Strike 1-1: Ground out U3 (Groundball, 3, EV 82.5 MPH) Ben Saxton to third
|
Batting: SHB Omar Cervantes
|
0-0: Foul Ball, location: 2F 0-1: Foul Ball, location: 2F 0-2: Ball 1-2: Ball 2-2: Strikes out swinging
|
Bottom of the 7th over - 0 runs, 1 hit, 0 errors, 1 left on base; Texas (APP) 6 - Princeton 0 |
TOP OF THE 8TH |
Texas (APP) Rangers batting - Pitching for Princeton Rays : RHP Michito Higashi
|
Batting: LHB Bobby Scott
|
0-0: Called Strike 0-1: Ball 1-1: Swinging Strike 1-2: Ground out 6-3 (Groundball, 56, EV 80.6 MPH)
|
Batting: SHB Tyler Romo
|
0-0: Ball 1-0: Foul Ball, location: 2F 1-1: DOUBLE (Line Drive, 9LD, EV 103.8 MPH)
|
Batting: SHB Tim Rogers
|
0-0: Called Strike 0-1: Swinging Strike 0-2: Strikes out swinging
|
Batting: RHB Evan Fry
|
0-0: Ball 1-0: Ball 2-0: Ball 3-0: Called Strike 3-1: Foul Ball, location: 2F 3-2: Strikes out looking
|
Top of the 8th over - 0 runs, 1 hit, 0 errors, 1 left on base; Texas (APP) 6 - Princeton 0 |
BOTTOM OF THE 8TH |
Princeton Rays batting - Pitching for Texas (APP) Rangers : RHP Marty Nelson
|
Now at 1B: Torsten Fisher
|
|
Batting: RHB Tony Bonilla
|
0-0: Ball 1-0: Ball 2-0: Called Strike 2-1: SINGLE (Groundball, 5D, EV 101.9 MPH)
|
Batting: SHB Dan Trainer
|
0-0: Ball 1-0: Swinging Strike 1-1: SINGLE (Groundball, 4D, EV 97.5 MPH) Tony Bonilla to second
|
Batting: RHB Sandoval Serzedelo
|
0-0: Ball 1-0: Fly out, F8 (Flyball, 8RXD, EV 106.9 MPH) Runner from 2nd tags up, SAFE at 3rd, no throw by CF
|
Pinch Hitting: RHB Jeff Standridge
|
0-0: Ball 1-0: Foul Ball, location: 2F 1-1: Ball 2-1: Foul Ball, location: 2F 2-2: Fly out, F3 (Popup, 23, EV 86.9 MPH)
|
Pinch Hitting: LHB Ian Cranton
|
0-0: Called Strike 0-1: SINGLE (Flyball, 6MD, EV 91.2 MPH) Tony Bonilla scores Dan Trainer to second
|
Batting: RHB Luis Jara
|
0-0: Called Strike 0-1: DOUBLE (Flyball, 89D, EV 96.2 MPH) Dan Trainer scores Ian Cranton to third Runner from 3rd tries for Home, SAFE, no throw by CF
|
Pitching: RHP Tim Bemish
|
|
Batting: RHB Ben Saxton
|
0-0: Called Strike 0-1: Foul Ball, location: 2F 0-2: Ball 1-2: Strikes out swinging
|
Bottom of the 8th over - 3 runs, 4 hits, 0 errors, 1 left on base; Texas (APP) 6 - Princeton 3 |
TOP OF THE 9TH |
Texas (APP) Rangers batting - Pitching for Princeton Rays : RHP Michito Higashi
|
Pitching: RHP J.P. Taylor
|
|
Now at 2B: Jeff Standridge
|
|
Now at 3B: Ben Saxton
|
|
Now in CF: Carlos Ruelas
|
|
Batting: RHB Jerry Foster
|
0-0: Foul Ball, location: 2F 0-1: Ball 1-1: Foul Ball, location: 2F 1-2: Ball 2-2: Foul Ball, location: 2F 2-2: Ball 3-2: Ground out 2-3 (Groundball, 2L, EV 73.1 MPH)
|
Batting: RHB Ron Squires
|
0-0: Ball 1-0: Ball 2-0: Ball 3-0: Base on Balls
|
Batting: RHB Robert Topete
|
0-0: Ball 1-0: Ball 2-0: Ball 3-0: Called Strike 3-1: Base on Balls Ron Squires to second
|
Batting: SHB Albert Ortiz
|
0-0: Ball Ron Squires steals 3rd base 1-0: Ball 2-0: Grounds into double play, 4-6-3 (Groundball, 4S, EV 84.4 MPH)
|
Top of the 9th over - 0 runs, 0 hits, 0 errors, 1 left on base; Texas (APP) 6 - Princeton 3 |
BOTTOM OF THE 9TH |
Princeton Rays batting - Pitching for Texas (APP) Rangers : RHP Tim Bemish
|
Batting: LHB Dave Northam
|
0-0: Ball 1-0: Called Strike 1-1: Ball 2-1: Ball 3-1: Called Strike 3-2: Base on Balls
|
Batting: SHB Omar Cervantes
|
0-0: Swinging Strike 0-1: Ball 1-1: Grounds into double play, 6-4-3 (Groundball, 6, EV 81.2 MPH)
|
Batting: RHB Tony Bonilla
|
0-0: Ball 1-0: Ball 2-0: Foul Ball, location: 2F 2-1: Called Strike 2-2: Hit by Pitch
|
Batting: SHB Dan Trainer
|
0-0: Ground out 5-3 (Groundball, 56S, EV 80.6 MPH)
|
Bottom of the 9th over - 0 runs, 0 hits, 0 errors, 1 left on base; Texas (APP) 6 - Princeton 3 |
|